 Dungeon Crawl Stone Soup version 0.20.1-1-g8b1a95d (webtiles) character file.

13417 polve the Carver (level 12, 0/56 HPs)
             Began as a Vine Stalker Fighter on July 12, 2017.
             Was a Believer of Uskayaw.
             Slain by delete's ghost (19 damage)
             ... in an ice cave.
             The game lasted 00:17:57 (10556 turns).

polve the Carver (Vine Stalker Fighter)            Turns: 10556, Time: 00:17:58

Health: 0/56       AC: 16    Str: 19    XL:     12   Next: 5%
Magic:  0/15       EV: 11    Int:  8    God:    Uskayaw [**....]
Gold:   710        SH: 10    Dex: 24    Spells: 11/11 levels left

rFire    x . .     SeeInvis .   N - +3 falchion (slice)
rCold    + . .     Gourm    .   c - +0 shield
rNeg     + . .     Faith    +   T - +1 plate armour {rN+}
rPois    .         Spirit   +   n - +0 helmet
rElec    .         Reflect  .   y - +0 cloak
rCorr    .         Harm     .   s - +0 pair of gloves
MR       +++..     Rnd*Rage +   h - +0 pair of boots
Stlth    +++.......             E - amulet of faith
Regen    1.0/turn               l - +3 ring of evasion
MPRegen  0.2/turn               Q - ring of ice

@: agile, berserk cooldown
A: fangs 3, hooves 1, camouflage 1, berserk 1, low mp 2, magic resistance 2,
regeneration 2, evolution 1, magic shield, antimagic bite, no potion heal 3, rot
immunity
a: Stomp, Line Pass, Renounce Religion


You were in an ice cave.
You worshipped Uskayaw.
Uskayaw was noncommittal.
You were not hungry.

You visited 2 branches of the dungeon, and saw 13 of its levels.
You also visited: Ice Cave.

You collected 710 gold pieces.

Inventory:

Hand Weapons
 N - a +3 falchion of slicing (weapon)
Armour
 c - a +0 shield (worn)
 h - a +0 pair of boots (worn)
 n - a +0 helmet (worn)
 s - a +0 pair of gloves (worn)
 y - a +0 cloak (worn)
 T - a +1 plate armour of positive energy (worn)
Jewellery
 e - an uncursed ring of fire
 l - a +3 ring of evasion (left hand)
 u - an uncursed ring of flight
 v - an uncursed ring of poison resistance
 z - an uncursed ring of see invisible
 E - an amulet of faith (around neck)
 H - an uncursed ring of resist corrosion
 Q - a ring of ice (right hand)
Wands
 K - a wand of digging (13/24)
 R - a wand of acid (7/15)
Scrolls
 b - a scroll of fear {unknown}
 g - a scroll of magic mapping {unknown}
 i - 6 scrolls of recharging
 j - a scroll of holy word {unknown}
 r - 2 scrolls of remove curse
 B - 7 scrolls of teleportation
 C - a scroll of identify
 D - a scroll of enchant weapon
 G - a scroll of immolation {unknown}
 J - a scroll of random uselessness {unknown}
 L - 3 scrolls of enchant armour
 O - a scroll of silence
 S - 2 scrolls of blinking
 U - a scroll of fog {unknown}
Potions
 d - a potion of might
 k - a potion of brilliance {unknown}
 o - 7 potions of curing
 t - 3 potions of mutation
 w - 2 potions of agility
 x - 4 potions of haste
 A - 2 potions of flight
 F - a potion of berserk rage
 I - a potion of ambrosia {unknown}
 M - a potion of invisibility {unknown}
 P - a potion of lignification {unknown}
Books
 a - a book of Callings

   Spells                             Type                      Level
   a - Summon Small Mammal            Summoning                    1
   b - Call Imp                       Summoning                    2
   c - Call Canine Familiar           Summoning                    3
   d - Summon Guardian Golem          Hexes/Summoning              3
   e - Summon Lightning Spire         Summoning/Air                4
   f - Summon Ice Beast               Ice/Summoning                4
Comestibles
 f - 9 bread rations
 m - 8 royal jellies
 p - 12 fruits
 q - 6 meat rations


   Skills:
 - Level 2.6 Fighting
 - Level 14.1 Long Blades
 - Level 2.4 Armour
 + Level 9.9 Stealth
 - Level 2.6 Shields
 + Level 7.3 Invocations


You had 11 spell levels left.
You didn't know any spells.

Dungeon Overview and Level Annotations

Branches:
Dungeon (11/15)            Temple (0/1) D:6            Lair (2/6) D:8
  Swamp: Lair:2-4    Shoals: Lair:2-4     Snake: Lair:2-4    Spider: Lair:2-4
    Orc: D:9-12

Altars:
Cheibriados
Elyvilon
Gozag
Hepliaklqana
Kikubaaqudgha
Okawaru
Trog
Uskayaw
Vehumet
Xom
Yredelemnul

Annotations:
IceCv exclusion: 2 ice statues, delete's ghost, adept HOBe


Innate Abilities, Weirdness & Mutations

You have razor-sharp teeth.
You heal very quickly.
When hurt, damage is shared between your health and your magic reserves.
Your bite disrupts and absorbs the magic of your enemies.
Potions cannot restore your health.
You are immune to rotting.
You have large cloven feet.
Your skin changes colour to match your surroundings (Stealth+).
You tend to lose your temper in combat.
Your magical capacity is very low. (-20% MP)
You are highly resistant to hostile enchantments. (MR++)
You evolve.


Message History

You feel a little less mighty now. The white ugly thing barely misses you.
You riposte.
You hit the white ugly thing but do no damage.
The white ugly thing is moderately wounded.
Delete's ghost hits you. Delete's ghost freezes you.
You closely miss delete's ghost.
You bite delete's ghost, but do no damage.
Delete's ghost is lightly damaged.
The white ugly thing barely misses you. Delete's ghost hits you!
You slash delete's ghost! Your bite misses delete's ghost.
Delete's ghost is moderately damaged.
The ice statue glitters chillingly in the dim dungeon light.
The ice statue gestures.
You hit delete's ghost but do no damage.
You bite delete's ghost, but do no damage.
Delete's ghost is moderately damaged.
The white ugly thing claws you. The white ugly thing freezes you! You resist.
* * * LOW HITPOINT WARNING * * *
Delete's ghost hits you!!
You die...

####
###...####
#........##
..........##
...........##
.8..8.......#
/.$.........#
.).?..Y...∩.#
)./...u@....#
.8..8.YW....#
...........##
..........##
#........##
###...####
####


You could see 2 ice statues, a white ugly thing, 2 ice beasts and delete's
ghost.

Vanquished Creatures
  A two-headed ogre (D:8)
  Nergalle (D:11)
  An ugly thing (IceCv)
  A cyclops (D:11)
  A slime creature (D:6)
  Maurice (D:9)
  A centaur skeleton (D:9)
  2 spiny frogs (Lair:1)
  A rime drake (Lair:1)
  A kobold demonologist (D:9)
  2 komodo dragons
  A hornet (D:8)
  2 trolls (D:10)
  2 hippogriffs
  Sigmund (D:4)
  A basilisk (Lair:1)
  Menkaure (D:5)
  A water moccasin (Lair:1)
  A porcupine (Lair:1)
  7 orc warriors
  7 sky beasts
  3 necrophages
  10 ice beasts
  6 ogres
  3 phantoms
  4 centaurs
  3 crocodiles (Lair:1)
  8 bullfrogs
  13 big kobolds
  2 water moccasin skeletons
  2 howler monkeys
  A centaur zombie (D:5)
  3 crimson imps
  5 hounds
  8 jellies
  2 bullfrog skeletons
  A gnoll shaman (D:7)
  10 orc priests
  11 orc wizards
  11 worker ants
  A hound zombie (D:10)
  A hound skeleton (D:5)
  A worker ant zombie (D:8)
  Robin (D:2)
  8 adders
  8 gnolls
  2 howler monkey skeletons
  4 shadow imps
  5 oozes
  An adder zombie (D:4)
  A worm (D:3)
  A dart slug (D:1)
  6 leopard geckos
  48 orcs
  A bat zombie (D:2)
  3 giant cockroaches
  20 goblins
  13 hobgoblins
  11 jackals
  6 quokkas
  3 ball pythons
  7 bats
  2 frilled lizards
  A jackal zombie (D:5)
  40 kobolds
  A leopard gecko skeleton (D:4)
  A quokka zombie (D:5)
  8 rats
  2 rat zombies (D:2)
350 creatures vanquished.

Vanquished Creatures (others)
  A human (D:4)
  A fungus (D:6)
  7 toadstools (D:6)
9 creatures vanquished.

Grand Total: 359 creatures vanquished

Notes
Turn   | Place    | Note
-------+----------+-------------------------------------------
     0 | D:1      | polve the Vine Stalker Fighter began the quest for the Orb.
     0 | D:1      | Reached XP level 1. HP: 11/11 MP: 2/2
    35 | D:1      | Reached skill level 2 in Long Blades
    42 | D:1      | Reached XP level 2. HP: 10/16 MP: 3/3
   464 | D:1      | Reached skill level 3 in Long Blades
   486 | D:1      | Reached XP level 3. HP: 17/19 MP: 4/4
   885 | D:2      | Gained mutation: Your natural rate of healing is unusually fast. [Vine Stalker growth]
   885 | D:2      | Reached XP level 4. HP: 8/23 MP: 5/5
   934 | D:2      | Noticed Robin
   963 | D:2      | Killed Robin
   963 | D:2      | Reached skill level 4 in Long Blades
  1395 | D:2      | Reached XP level 5. HP: 27/27 MP: 6/6
  1430 | D:2      | Found a radiant altar of Vehumet.
  1566 | D:2      | Found an ancient bone altar of Kikubaaqudgha.
  1868 | D:3      | Found a hide-covered altar of Uskayaw.
  2037 | D:3      | Reached skill level 5 in Long Blades
  2127 | D:3      | Found a hazy altar of Hepliaklqana.
  2320 | D:4      | Reached XP level 6. HP: 28/32 MP: 7/7
  2603 | D:4      | Noticed Sigmund
  2612 | D:4      | Reached skill level 6 in Long Blades
  2636 | D:4      | Killed Sigmund
  2636 | D:4      | Reached XP level 7. HP: 34/35 MP: 8/8
  2799 | D:4      | Found an ancient bone altar of Kikubaaqudgha.
  2800 | D:4      | Noticed a human
  2806 | D:4      | Killed a human
  2813 | D:4      | Found a white marble altar of Elyvilon.
  2828 | D:4      | Reached skill level 7 in Long Blades
  3012 | D:5      | Entered Level 5 of the Dungeon
  3014 | D:5      | Noticed Menkaure
  3032 | D:5      | Killed Menkaure
  3186 | D:5      | Reached skill level 8 in Long Blades
  3305 | D:5      | Gained mutation: You have razor-sharp teeth. [Vine Stalker growth]
  3305 | D:5      | Reached XP level 8. HP: 39/39 MP: 9/9
  3333 | D:5      | Gained mutation: Your magical capacity is low. (-10% MP) [mutagenic meat]
  3334 | D:5      | Gained mutation: You tend to lose your temper in combat. [mutagenic meat]
  3335 | D:5      | Gained mutation: You often lose your temper in combat. [mutagenic meat]
  3336 | D:5      | Gained mutation: Your skin changes colour to match your surroundings (Stealth+). [mutagenic meat]
  3337 | D:5      | Gained mutation: You are resistant to hostile enchantments. (MR+) [mutagenic meat]
  3338 | D:5      | Gained mutation: Your magical capacity is very low. (-20% MP) [mutagenic meat]
  3379 | D:5      | Found a snail-covered altar of Cheibriados.
  3379 | D:5      | Found an opulent altar of Gozag.
  3837 | D:5      | Gained mutation: You are highly resistant to hostile enchantments. (MR++) [mutagenic meat]
  3838 | D:5      | Lost mutation: You often lose your temper in combat. [mutagenic meat]
  3839 | D:5      | Gained mutation: You have large cloven feet. [mutagenic meat]
  3840 | D:5      | Gained mutation: You evolve. [mutagenic meat]
  4043 | D:3      | Became a worshipper of Uskayaw the Reveler
  4124 | D:6      | Found an opulent altar of Gozag.
  4175 | D:6      | Reached * piety under Uskayaw
  4176 | D:6      | Reached skill level 9 in Long Blades
  4181 | D:6      | Reached ** piety under Uskayaw
  4246 | D:6      | Found a staircase to the Ecumenical Temple.
  4333 | D:6      | Reached *** piety under Uskayaw
  4336 | D:6      | Reached **** piety under Uskayaw
  4341 | D:6      | Reached ***** piety under Uskayaw
  4691 | D:6      | Reached skill level 10 in Long Blades
  4750 | D:6      | You fall through a shaft for 2 floors!
  4756 | D:8      | Reached XP level 9. HP: 15/43 MP: 8/8
  4833 | D:8      | Noticed a hornet
  4877 | D:8      | Killed a hornet
  4899 | D:8      | Reached ****** piety under Uskayaw
  4907 | D:8      | Reached skill level 11 in Long Blades
  4956 | D:8      | Found a staircase to the Lair.
  5044 | D:8      | Found an opulent altar of Gozag.
  5081 | D:7      | Found a bloodstained altar of Trog.
  5278 | D:8      | Noticed a two-headed ogre
  5288 | D:8      | Killed a two-headed ogre
  5288 | D:8      | Reached skill level 12 in Long Blades
  5288 | D:8      | Reached XP level 10. HP: 33/47 MP: 9/9
  5314 | D:8      | Found an iron altar of Okawaru.
  5362 | D:8      | Found a basalt altar of Yredelemnul.
  5511 | D:7      | Gained mutation: You heal very quickly. [evolution]
  5762 | D:7      | Reached skill level 13 in Long Blades
  6059 | D:7      | Found a shimmering altar of Xom.
  6960 | D:9      | Noticed Maurice
  6969 | D:9      | Killed Maurice
  6969 | D:9      | Reached skill level 14 in Long Blades
  7006 | D:9      | Reached skill level 1 in Invocations
  7073 | D:9      | Reached XP level 11. HP: 51/51 MP: 11/11
  7269 | D:9      | Reached skill level 5 in Stealth
  7805 | D:10     | Entered Level 10 of the Dungeon
  8759 | D:10     | Reached skill level 5 in Invocations
  8848 | D:11     | Noticed a cyclops
  8854 | D:11     | Killed a cyclops
  9285 | D:11     | Noticed Nergalle
  9307 | D:11     | Killed Nergalle
  9754 | Lair:1   | Entered Level 1 of the Lair of Beasts
 10490 | Lair:2   | Found a frozen archway.
 10509 | IceCv    | Entered an ice cave
 10509 | IceCv    | Noticed a white ugly thing
 10518 | IceCv    | Killed a white ugly thing
 10518 | IceCv    | Mutation became permanent: Your natural rate of healing is unusually fast. [Vine Stalker growth]
 10518 | IceCv    | Gained mutation: You heal very quickly. [Vine Stalker growth]
 10518 | IceCv    | Reached XP level 12. HP: 56/56 MP: 13/14
 10528 | IceCv    | Found a transporter.
 10546 | IceCv    | Noticed delete's ghost (adept HOBe)
 10556 | IceCv    | Slain by delete's ghost

Skill      XL: |  1  2  3  4  5  6  7  8  9 10 11 |
---------------+----------------------------------+-----
Long Blades    | 2 3 4 5 6 8 10 12 14 | 14.1
Stealth        | 3 9 |  9.9
Invocations    | 2 7 |  7.3
Fighting       | |  2.6
Armour         | |  2.4
Shields        | |  2.6

Action                   |  1- 3 |  4- 6 |  7- 9 | 10-12 || total
-------------------------+-------+-------+-------+-------++-------
Melee: Long sword        |    78 |   208 |   320 |       ||   606
       Bite              |    23 |    77 |   123 |   225 ||   448
       Falchion          |       |       |       |   574 ||   574
Invok: Grand Finale      |       |       |       |     1 ||     1
  Use: Scroll            |       |       |     6 |     9 ||    15
       Potion            |       |       |       |     3 ||     3
 Stab: Paralysed         |       |       |    12 |    45 ||    57
       Sleeping          |       |       |       |     2 ||     2
       Distracted        |       |       |       |     1 ||     1
  Eat: Chunk             |       |     6 |    22 |    18 ||    46
Armor: Scale mail        |    37 |    89 |   109 |   103 ||   338
       Plate armour      |       |       |       |    86 ||    86
Dodge: Dodged            |    27 |    63 |    90 |   143 ||   323
Block: Shield            |    33 |   110 |   149 |   205 ||   497
       Rpst.: Long sword |     6 |    15 |    25 |       ||    46
       Falchion          |       |       |       |    36 ||    36
